AoeStats
← CNZS_98T

Arabia

510082956Analyzed
1v1 RM · 2d ago on Sep 29, 2026· 41m 47s· 2 players
Game mode
Random Map
Map size
Tiny (2 player)
Population
200
Speed
Normal
Resources
Standard
Victory
Conquest
Starting age
Dark Age
Ending age
Imperial Age
RankedLock teamsTeams togetherTeam positionsShared explorationLock speedFull tech treeHidden civsTurbo modeCheats
Victory
Defeat
🇭🇰 Berbers · Hong Kong SAR China
2612
+18
🇳🇱 Danes · Netherlands
2647
-18
Dennis哥
5:44 Loom
8:21 Feudal Age
8:54 Double-Bit Axe
14:23 Fletching
21:29 Castle Age
20:16 Horse Collar
20:49 Bloodlines
21:32 Crossbowman
22:09 Bodkin Arrow
22:41 Padded Archer Armor
22:44 Husbandry
24:00 Leather Archer Armor
27:46 Bow Saw
27:47 Heavy Plow
28:32 Gold Mining
29:20 Wheelbarrow
29:42 Gold Mining
31:30 Stone Mining
32:25 Scale Barding Armor
32:59 Hand Cart
34:52 Forging
36:17 Chain Barding Armor
39:39 Imperial Age
37:28 Town Watch
38:44 Iron Casting
39:32 Ballistics
40:16 Gold Shaft Mining
40:20 Cavalier
41:40 Plate Barding Armor
41:34 Conscription
42:48 Blast Furnace
CNZS_98T
5:58 Loom
8:42 Feudal Age
9:46 Man-at-Arms
14:48 Fletching
16:15 Double-Bit Axe
22:28 Castle Age
21:11 Scale Barding Armor
21:03 Horse Collar
22:06 Bloodlines
22:29 Padded Archer Armor
22:22 Gold Mining
23:20 Wheelbarrow
22:31 Crossbowman
23:27 Bodkin Arrow
25:43 Ballistics
25:38 Husbandry
26:40 Gold Shaft Mining
28:36 Chain Barding Armor
29:06 Elite Skirmisher
30:19 Forging
33:36 Leather Archer Armor
38:03 Town Watch
39:46 Squires
Connection lost

Rejoining the realm…

Still unreachable

The connection could not be restored.

Session expired

The server has moved on; the page needs a fresh start.